 Dungeon Crawl Stone Soup version 0.20-a0-1116-gaa52201 (webtiles) character file.

247 Lochraine the Cutter (level 6, 0/47 HPs)
             Began as a Human Wanderer on May 7, 2017.
             Was an Initiate of Makhleb.
             Succumbed to a worker ant's poison
             ... on level 2 of the Dungeon.
             The game lasted 00:09:41 (4105 turns).

Lochraine the Cutter (Human Wanderer)               Turns: 4105, Time: 00:09:42

Health: 0/47       AC:  7    Str: 11    XL:     6   Next: 34%
Magic:  7/7        EV: 11    Int: 12    God:    Makhleb [......]
Gold:   174        SH:  0    Dex: 16    Spells: 5/5 levels left

rFire    . . .     SeeInvis .   b - +0 falchion
rCold    . . .     Gourm    .   (no shield)
rNeg     . . .     Faith    .   p - +0 ring mail
rPois    .         Spirit   .   (no helmet)
rElec    .         Reflect  .   (no cloak)
rCorr    .         Harm     .   d - +1 pair of gloves
MR       .....                  (no boots)
Stlth    ++........             (no amulet)
Regen    0.2/turn               (no ring)
MPRegen  0.1/turn               (no ring)

@: lethally poisoned (0 -> -3)
A: no striking features
a: Renounce Religion


You were on level 2 of the Dungeon.
You worshipped Makhleb.
Makhleb was noncommittal.
You were not hungry.

You visited 1 branch of the dungeon, and saw 3 of its levels.

You collected 174 gold pieces.

Inventory:

Hand Weapons
 a - a +0 blowgun
 b - a +0 falchion (weapon)
 x - a +2 dagger
Missiles
 h - 99 stones
 q - 6 tomahawks (quivered)
 y - 18 poisoned needles
Armour
 d - a +1 pair of gloves (worn)
 e - a +0 robe
 l - a +0 leather armour
 p - a +0 ring mail (worn)
 w - a +0 chain mail
Scrolls
 c - a scroll of blinking
 i - 4 scrolls of remove curse
 j - 6 scrolls of identify
Potions
 n - a potion of flight
Comestibles
 f - 2 bread rations
 k - a royal jelly


   Skills:
 + Level 3.2 Fighting
 - Level 4.7(4.9) Short Blades
 + Level 1.5(3.3) Long Blades
 + Level 2.1 Armour
 + Level 2.6 Dodging
 - Level 3.3 Stealth
 + Level 1.5 Invocations


You had 5 spell levels left.
You didn't know any spells.

Dungeon Overview and Level Annotations

Branches:
Dungeon (3/15)

Altars:
Makhleb

Annotations:
D:2 1 runed door
D:3 Lochraine's ghost, amateur KoAM


Message History

Level annotation: 1 runed door
* * * LOW HITPOINT WARNING * * *
You feel sick.
There is a stone staircase leading down here.
As you read the scroll of teleportation, it crumbles to dust.
You feel strangely unstable.
* * * LOW HITPOINT WARNING * * *
You feel sick.
* * * LOW HITPOINT WARNING * * *
You feel sick.
* * * LOW HITPOINT WARNING * * *
You feel sick.
Your surroundings suddenly seem different.
There is a lethal amount of poison in your body!
There is a lethal amount of poison in your body!
* * * LOW HITPOINT WARNING * * *
You feel sick.
* * * LOW HITPOINT WARNING * * *
You feel sick.
You die...

.#.........#.#
#.#............#
......####.#.#
#.#............# ......#
###.###.######'#######
......# #.#...# #.#
......######.#.########.#
...........#.#..........#
...........#.############
...........#.###########
.###)......#....@......#
...........#...........#
...........#...........#
...........#...........#
#..........#...........#
.......................#
.###.......#...........#
.# #.......#...........#
.###...................#


There were no monsters in sight!

Vanquished Creatures
  A centaur (D:3)
  Jessica (D:2)
  A worker ant (D:3)
  5 adders
  An ooze (D:1)
  A worm (D:2)
  A dart slug (D:1)
  A leopard gecko (D:3)
  An orc (D:3)
  A ball python (D:1)
  7 giant cockroaches
  8 goblins
  6 hobgoblins
  A quokka (D:3)
  8 bats
  9 frilled lizards
  11 kobolds
  5 rats
69 creatures vanquished.

Notes
Turn   | Place    | Note
-------+----------+-------------------------------------------
     0 | D:1      | Lochraine the Human Wanderer began the quest for the Orb.
     0 | D:1      | Lochraine set off with: a +2 dagger, a scroll of blinking, a +0 short sword, a potion of curing, a +0 robe, a bread ration
     0 | D:1      | Reached XP level 1. HP: 16/16 MP: 1/1
   226 | D:1      | Reached XP level 2. HP: 17/22 MP: 2/2
   476 | D:1      | Reached skill level 1 in Dodging
   869 | D:1      | Reached XP level 3. HP: 28/28 MP: 3/3
  1407 | D:2      | Reached skill level 1 in Armour
  1434 | D:2      | Noticed Jessica
  1460 | D:2      | Killed Jessica
  1460 | D:2      | Reached XP level 4. HP: 23/34 MP: 4/4
  1575 | D:2      | Found a burning altar of Makhleb.
  1995 | D:2      | Found a runed door.
  2051 | D:2      | Reached XP level 5. HP: 40/40 MP: 5/5
  2455 | D:2      | Became a worshipper of Makhleb the Destroyer
  3456 | D:3      | Noticed Lochraine's ghost (amateur KoAM)
  3602 | D:3      | Noticed a centaur
  3615 | D:3      | Killed a centaur
  3615 | D:3      | Reached skill level 1 in Invocations
  3615 | D:3      | Reached XP level 6. HP: 12/47 MP: 5/7
  4099 | D:2      | HP: 2/47 [poisoned by a worker ant]
  4105 | D:2      | Succumbed to a worker ant's poison

Vault maps used:
D:1:      sevenhm_arrival_forest_fort_large_2, minmay_misc_feat_five,
          serial_bayou_pond_a, st_stairs_2, hex_large
D:2:      bloody_makhleb, uniq_crazy_yiuf_cottage, uniq_jessica
D:3:      lemuel_coloured_pillars_altar, first_bread, bh_walls_and_bars

Skill      XL: |  1  2  3  4  5 |
---------------+----------------+-----
Dodging        | 1 2 |  2.6
Armour         | 1 2 |  2.1
Fighting       | 3 |  3.2
Invocations    | 1 |  1.5
Short Blades   | |  4.7
Long Blades    | |  1.5
Stealth        | |  3.3

Action                   |  1- 3 |  4- 6 || total
-------------------------+-------+-------++-------
Melee: Dagger            |   122 |   134 ||   256
       Falchion          |       |    21 ||    21
 Fire: Blowgun           |       |     5 ||     5
Throw: Stone             |     4 |       ||     4
       Tomahawk          |     8 |       ||     8
  Use: Potion            |     1 |       ||     1
       Scroll            |       |     9 ||     9
 Stab: Sleeping          |     2 |     3 ||     5
       Distracted        |       |     1 ||     1
  Eat: Chunk             |     2 |     6 ||     8
       Meat ration       |       |     1 ||     1
Armor: Leather armour    |    10 |       ||    10
       Ring mail         |    25 |    38 ||    63
Dodge: Dodged            |    56 |    66 ||   122
       Rpst.: Falchion   |       |     1 ||     1
